 Dungeon Crawl Stone Soup version 0.30-a0-1043-g60ff8d5f49 (webtiles) character file.

Game seed: 8748215364106367001

2030 Iich the Cleaver (level 9, -10/108 HPs)
             Began as a Demonspawn Fighter on Apr 10, 2023.
             Was an Initiate of Gozag.
             Mangled by a death yak (18 damage)
             ... on level 8 of the Dungeon.
             The game lasted 00:17:24 (5997 turns).

Iich the Cleaver (Demonspawn Fighter)               Turns: 5997, Time: 00:17:28

Health: -10/108    AC: 24    Str: 19    XL:     9   Next: 3%
Magic:  9/9        EV:  2    Int: 10    God:    Gozag
Gold:   195        SH: 10    Dex: 17    Spells: 8/8 levels left

rFire   x . .      SeeInvis .    u - +8 hand axe of Fatigue {venom, rElec rPois rF- Dex+3}
rCold   . . .      Faith    .    c - +0 buckler
rNeg    . . .      Spirit   .    E - melded +0 pearl dragon scales
rPois   +          Reflect  +    G - melded +0 helmet
rElec   +          Rampage  .    p - melded +0 cloak
rCorr   +          Clarity  +    f - melded +1 pair of gloves
Will    .....      NoTele   +    (boots currently unavailable)
Stlth   ++                       L - amulet of reflection
HPRegen 0.38/turn                w - +5 ring of evasion
MPRegen 0.22/turn                C - ring of resist corrosion

@: tree-form
A: stationary, stasis, torment immunity, boosted hp, (hooves 2), (slimy green
scales 1), powered by death 1, magic regeneration, clarity
a: Renounce Religion, Potion Petition, Call Merchant, Bribe Branch


You were on level 8 of the Dungeon.
You worshipped Gozag.
Gozag was aware of your devotion.
You were a tree.
You visited 2 branches of the dungeon, and saw 9 of its levels.
You also visited: Ossuary.

You collected 807 gold pieces.
You spent 548 gold pieces at shops.
You paid 64 gold pieces to Gozag.

Inventory:

Hand Weapons
 a - a +1 war axe
 u - the +8 hand axe of Fatigue (weapon) {venom, rElec rPois rF- Dex+3}
   (You found it on level 3 of the Dungeon)

   Dex:       It affects your dexterity (+3).
   rF:        It makes you vulnerable to fire.
   rElec:     It insulates you from electricity.
   rPois:     It protects you from poison.
Missiles
 i - 2 throwing nets (quivered)
Armour
 c - a +0 buckler (worn)
 f - a +1 pair of gloves (melded)
 k - a +0 plate armour
 p - a +0 cloak (melded)
 v - a +1 hat
 E - +0 pearl dragon scales (melded)
 G - a +0 helmet (melded)
Jewellery
 w - a +5 ring of evasion (left branch)
 z - an amulet of guardian spirit
 C - a ring of resist corrosion (right branch)
 L - an amulet of reflection (around neck)
Wands
 D - a wand of digging (8)
 J - a wand of flame (17)
Scrolls
 b - a scroll of magic mapping
 e - a scroll of amnesia {unknown}
 g - a scroll of fear
 j - a scroll of vulnerability
 r - a scroll of immolation
 t - 2 scrolls of teleportation
 y - 4 scrolls of fog
 A - a scroll of noise
 B - 2 scrolls of blinking
 K - 4 scrolls of enchant weapon
Potions
 d - 2 potions of might
 h - a potion of attraction
 m - a potion of mutation
 n - 2 potions of resistance
 o - a potion of lignification
 x - 4 potions of brilliance
 F - a potion of ambrosia {unknown}
 H - a potion of flight
 I - a potion of cancellation {unknown}
 M - a potion of berserk rage {unknown}
 N - a potion of haste {unknown}


   Skills:
 + Level 7.4 Fighting
 * Level 9.1 Axes
 - Level 2.6 Armour
 - Level 2.6 Shields


You had 8 spell levels left.
You didn't know any spells.
Your spell library contained the following spells:

 Spells                   Type           Power      Damage    Failure   Level
 Apportation              Tloc           0%         N/A       45%         1
 Freeze                   Ice            0%         1d3       45%         1
 Ensorcelled Hibernation  Hex/Ice        0%         N/A       58%         2
 Sublimation of Blood     Necr           0%         N/A       58%         2
 Wereblood                Tmut           0%         N/A       58%         2
 Frozen Ramparts          Ice            0%         1d1       83%         3
 Hailstorm                Conj/Ice       0%         3d3       83%         3
 Inner Flame              Hex/Fire       0%         N/A       83%         3
 Spider Form              Tmut/Pois      0%         N/A       83%         3
 Stone Arrow              Conj/Erth      0%         3d7       83%         3
 Anguish                  Hex/Necr       0%         N/A       99%         4
 Animate Armour           Summ/Erth      0%         N/A       99%         4
 Alistair's Intoxication  Tmut/Pois      0%         N/A       100%        5
 Yara's Violent Unravell  Hex/Tmut       0%         3d3       100%        5
 Enfeeble                 Hex            0%         N/A       100%        7
 Summon Hydra             Summ           0%         N/A       100%        7
 Lehudib's Crystal Spear  Conj/Erth      0%         10d2      100%        8
 Chain Lightning          Conj/Air       0%         N/A       100%        9
 Fire Storm               Conj/Fire      0%         5d1       100%        9
 Shatter                  Erth           0%         3d5*      100%        9


Dungeon Overview and Level Annotations

Branches:
Dungeon (8/15)             Temple (1/1) D:4            Lair (0/5) D:8
Ossuary (visited)

Altars:
Ashenzari
Cheibriados
Fedhas
Gozag
Hepliaklqana
Kikubaaqudgha
Sif Muna
Trog
Vehumet
Wu Jian
Yredelemnul

Shops:
D:3 ?   D:4 =(=*=   D:8 =


Innate Abilities, Weirdness & Mutations

You are a tree.
Your roots penetrate the ground, keeping you stationary.
You cannot be teleported.
You are immune to unholy pain and torment.
Your maximum health is greatly increased.
Your equipment is partially melded.
((You have hoof-like feet.))
((You are partially covered in slimy green scales. (AC +2)))
You regenerate a little health from kills.
You regenerate magic rapidly.
You possess an exceptional clarity of mind.


Message History

You regained 6 hp, and now have 34/72 hp.
Really quaff the potion of lignification?
You turn into a tree.
Your +0 cloak melds into your body.
Your +0 helmet melds into your body.
Your +1 pair of gloves melds into your body.
Your +0 pearl dragon scales melds into your body.
Your roots penetrate the ground.
The death yak gores you!
* * * LOW HITPOINT WARNING * * *
The death yak gores you.
* * * LOW HITPOINT WARNING * * *
You block the death yak's attack. The death yak gores you.
* * * LOW HITPOINT WARNING * * *
The death yak gores you but does no damage.
You now have 29/108 hp.
You feel better.
The death yak is no longer distracted by gold.
You block the death yak's attack. x2; The death yak gores you!!
* * * LOW HITPOINT WARNING * * *
You block the death yak's attack. x2
The death yak gores you but does no damage.
You take 13 damage, and have 16/108 hp.
Read: scroll of summoning
Press: ? - help, Q - select action, (/) - cycle Dir - look around, f - activate Look: a death yak
As you read the scroll of summoning, it crumbles to dust.
Wisps of shadow whirl around you... You block the death yak's attack.
The death yak gores you!
* * * LOW HITPOINT WARNING * * *
You block the death yak's attack.
The death yak gores you but does no damage.
You block the death yak's attack. The death yak barely misses you.
You take 7 damage, and have 9/108 hp.
You are stuck in your current form!
You feel better. You block the death yak's attack. The death yak gores you.
* * * LOW HITPOINT WARNING * * *
You block the death yak's attack. The death yak gores you.
* * * LOW HITPOINT WARNING * * *
The death yak gores you!!
You die...
Your body crumbles into a pile of gold.

****,,,,,,,,,,,,***,,,,,,,,,*****
,,,*,,,,,,......,....,,*,,,,*_,,,
,,,,,,,,*...#...#...,,$*,,,**,,,,
,,,,,,,**.>..#.....#*+*,,,,*,,,*,
**,,,,,,*...#......#*,***,**,,,,,
*,,,*,,,......Y...#*,*****,,,*,,
***,,,,,.....oYY.l#*,,****,,,,,,
*,,,,,,,......YYYY#**,,**_,,*,,,
*,,,,,,,.....YY♣YY+,,,,,**,,,,,,
*,,,,,,,..?.###Yoh#***,***,,,*,,
*****+*,.,,,* #.Y.#***..,**,,,,,
*,,,,,*****,* #...#*,...,,*,,,*,
**,,,,,*,,,*,* #.oo#*....****,,,,
,,,,,,,*,*<*,* #...##....* *_,,,
,,,*+***,*,*,* ##........* ****+
,,,*,*,,,,,*,* #........* *,,,
,,,,,,,*,***,* #...(.###*****,,,


You could see 8 death yaks, 5 friendly yaks, a friendly orc warrior (summoned),
a friendly black bear (summoned), a friendly wyvern (summoned), a friendly orc
wizard (summoned) and 2 friendly orcs.

Vanquished Creatures
  Sigmund (D:2)
  A steam dragon (D:6)
  An ice beast (D:5)
  A black bear (D:6)
  A sky beast (D:7)
  A phantom (D:6)
  A kobold brigand (D:7)
  2 gnoll sergeants
  2 scorpions
  4 wights (D:6)
  A centaur zombie (Ossuary)
  2 hounds
  3 jellies
  Crazy Yiuf (D:7)
  2 orc priests
  2 sleepcaps
  A gnoll bouda (D:5)
  An iguana (D:7)
  4 orc wizards
  4 mummies
  15 gnolls
  7 adders
  2 ufetubi
  A worm (D:2)
  3 dart slugs
  13 orcs
  9 bats
  8 endoplasms
  A giant cockroach (D:1)
  7 goblins
  12 hobgoblins
  4 jackals (D:1)
  5 quokkas
  9 ball pythons
  3 frilled lizards
  4 goblin zombies (Ossuary)
  A hobgoblin zombie (Ossuary)
  14 kobolds
  A kobold zombie (Ossuary)
  An orc zombie (Ossuary)
  8 rats
164 creatures vanquished.

Vanquished Creatures (others)
  A hobgoblin (D:2)
1 creature vanquished.

Grand Total: 165 creatures vanquished

Notes
Turn   | Place    | Note
-------+----------+-------------------------------------------
     0 | D:1      | Iich the Demonspawn Fighter began the quest for the Orb.
     0 | D:1      | Reached XP level 1. HP: 18/18 MP: 1/1
   116 | D:1      | Reached skill level 2 in Axes
   191 | D:1      | Gained mutation: You are partially covered in slimy green
                  | scales. (AC +2) [demonic ancestry]
   191 | D:1      | Reached XP level 2. HP: 18/24 MP: 2/2
   545 | D:1      | Reached XP level 3. HP: 29/29 MP: 3/3
   804 | D:1      | Reached skill level 3 in Axes
  1301 | D:2      | Noticed Sigmund
  1367 | D:2      | Killed Sigmund
  1368 | D:2      | Reached skill level 4 in Axes
  1368 | D:2      | Reached XP level 4. HP: 20/38 MP: 4/4
  1368 | D:2      | Gained mutation: You regenerate magic rapidly. [demonic
                  | ancestry]
  1368 | D:2      | Reached XP level 5. HP: 23/43 MP: 5/5
  1469 | D:2      | Reached XP level 6. HP: 48/49 MP: 6/6
  1667 | D:2      | Reached skill level 5 in Axes
  2082 | D:3      | Found Uschuamo's Magic Scroll Shoppe.
  2091 | D:3      | Bought a scroll of summoning for 95 gold pieces
  2215 | D:3      | Identified the +8 hand axe of Fatigue {venom, rElec rPois
                  | rF- Dex+3}
  2232 | D:3      | Found a hazy altar of Hepliaklqana.
  2234 | D:3      | Found a bloodstained altar of Trog.
  2320 | D:3      | Found a basalt altar of Yredelemnul.
  2326 | D:3      | Noticed a profane servitor
  2682 | D:4      | Found Nuihukho's General Store.
  2695 | D:4      | Bought a +0 cloak for 63 gold pieces
  2817 | D:4      | Found Belutir's Jewellery Emporium.
  2925 | D:4      | Found Ideigiss's Jewellery Emporium.
  3045 | D:4      | Found a staircase to the Ecumenical Temple.
  3068 | D:4      | Found Xemaz's Jewellery Shop.
  3104 | Temple   | Entered the Ecumenical Temple
  3160 | Temple   | Became a worshipper of Gozag Ym Sagoz the Greedy
  3316 | D:4      | Found Dysojonam's Antique Weapon Emporium.
  3476 | D:5      | Entered Level 5 of the Dungeon
  3609 | D:5      | Reached skill level 5 in Fighting
  3669 | D:5      | Noticed an ice beast
  3687 | D:5      | Killed an ice beast
  3688 | D:5      | Gained mutation: You have large cloven feet. [demonic
                  | ancestry]
  3688 | D:5      | Reached XP level 7. HP: 56/56 MP: 7/7
  3769 | D:5      | Reached skill level 6 in Axes
  4424 | D:6      | Reached skill level 7 in Axes
  4428 | D:6      | Gained mutation: You regenerate a little health from kills.
                  | [demonic ancestry]
  4428 | D:6      | Reached XP level 8. HP: 64/64 MP: 8/8
  4680 | D:6      | Reached skill level 8 in Axes
  5080 | D:7      | Found a sand-covered staircase.
  5089 | Ossuary  | Entered an ossuary
  5197 | Ossuary  | Gained mutation: You possess an exceptional clarity of
                  | mind. [potion of mutation]
  5419 | D:7      | Reached skill level 9 in Axes
  5521 | D:4      | Bought an amulet of reflection for 390 gold pieces
  5664 | D:7      | Gained mutation: You have hoof-like feet. [demonic
                  | ancestry]
  5664 | D:7      | Reached XP level 9. HP: 72/72 MP: 9/9
  5891 | D:7      | Found a runed translucent door.
  5892 | D:7      | Noticed Crazy Yiuf
  5898 | D:7      | Killed Crazy Yiuf
  5906 | D:7      | Identified the +3 hammer of Niheo {freeze, rElec}
  5926 | D:8      | Found Xeyla's Jewellery Shop.
  5981 | D:8      | Found a staircase to the Lair.
  5981 | D:8      | Noticed a death yak
  5981 | D:8      | Noticed a death yak
  5981 | D:8      | Noticed a death yak
  5982 | D:8      | Noticed a death yak
  5982 | D:8      | Noticed a death yak
  5982 | D:8      | Noticed a death yak
  5982 | D:8      | Noticed a death yak
  5983 | D:8      | Noticed a death yak
  5997 | D:8      | Mangled by a death yak

Illustrated notes

Levels and vault maps discovered:
D:1:      co_arrival_square_in_a_square_in_a_square, layout_basic,
          serial_corexii_hall, corexii_hall_statues_i,
          corexii_hall_statues_deadend, minmay_fountain_box, wad_floor_pattern_1
D:2:      layout_loops_ring, minmay_close_crescents, uniq_sigmund
D:3:      layout_rooms, grunt_temple_overflow_holy_war,
          nicolae_overflow_squiral, serial_shops, nicolae_shop_trees
D:4:      layout_loops_ring, lemuel_temple_firewalk_b, serial_shops,
          kennysheep_mini, kennysheep_little_box, nicolae_diamond_shop,
          nicolae_shop_overgrown_old_shop, kennysheep_mini_moat, minmay_bisected
D:5:      layout_loops_corners, serial_bayou_crossing
D:6:      layout_basic, minmay_misc_feat_chi
D:7:      layout_cave_pools, gup_ossuary_entry_pyramid, uniq_crazy_yiuf_cottage
D:8:      layout_basic, minmay_overflow_temple_hex, dpeg_lair_monsters,
          enter_bailey_5, serial_shops, nicolae_stop_n_shop_1,
          grunt_decor_mini_mirrors, chequers_serial_rivers_micro_e
Temple:   hc_temple_tempest_star

Skill      XL: |  1  2  3  4  5  6  7  8 |
---------------+-------------------------+-----
Axes           | 2 4 5 7 9 |  9.1
Fighting       | 4 5 6 7 |  7.4
Armour         | |  2.6
Shields        | |  2.6

Action                     |  1- 3 |  4- 6 |  7- 9 || total
---------------------------+-------+-------+-------++-------
  Melee: War axe           |   120 |    90 |       ||   210
         Hand axe          |       |    65 |   168 ||   233
         Kick              |       |       |    62 ||    62
    Use: Potion            |     1 |     3 |    10 ||    14
         Scroll            |       |     9 |     5 ||    14
   Stab: Distracted        |       |       |     1 ||     1
 Armour: Chain mail        |    74 |     2 |       ||    76
         Pearl dragon scal |       |    78 |    54 ||   132
         Skin              |       |       |     3 ||     3
  Dodge: Dodged            |    31 |    72 |   111 ||   214
  Block: Buckler           |    39 |    28 |    40 ||   107

Table legend: (Time is in decaauts)
 A = Elapsed time spent in this place.
 B = Non-inter-level travel time spent in this place.
 C = Inter-level travel time spent in this place.
 D = Time resting spent in this place.
 E = Time spent auto-exploring this place.
 F = Levels seen in this place.
 G = Mean time per level.
                   A        B        C        D        E       F      G
               +--------+--------+--------+--------+--------+-----+--------+
         Total |   6092 |   5731 |    361 |     27 |   4289 |  10 |  609.2 |
       Dungeon |   5805 |   5460 |    345 |     27 |   4136 |   8 |  725.6 |
        Temple |     83 |     67 |     16 |      0 |     49 |   1 |   83.0 |
       Ossuary |    203 |    203 |      0 |      0 |    104 |   1 |  203.0 |
               +--------+--------+--------+--------+--------+-----+--------+

Top non-repeatable levels by time:
     D:1: 1199 daAuts
     D:4: 962 daAuts
     D:5: 911 daAuts
     D:2: 893 daAuts
     D:6: 710 daAuts
     D:7: 569 daAuts
     D:3: 489 daAuts
 Ossuary: 203 daAuts
  Temple: 83 daAuts
     D:8: 69 daAuts
